 Dungeon Crawl Stone Soup version 0.22-a0-570-g58866f5 (webtiles) character file.

70 royokou the Skirmisher (level 4, -4/42 HPs)
             Began as a Minotaur Abyssal Knight on July 1, 2018.
             Was a Believer of Lugonu.
             Slain by a gnoll
             ... wielding a +0 spear
              (8 damage)
             ... on level 2 of the Dungeon.
             The game lasted 00:03:28 (1114 turns).

royokou the Skirmisher (Minotaur Abyssal Knight)    Turns: 1114, Time: 00:03:29

Health: -4/42      AC:  3    Str: 17    XL:     4   Next: 3%
Magic:  4/4        EV: 11    Int:  9    God:    Lugonu [**....]
Gold:   53         SH:  0    Dex: 10    Spells: 3/3 levels left

rFire    . . .     SeeInvis .   a - +1 hand axe
rCold    . . .     Gourm    .   (no shield)
rNeg     . . .     Faith    .   b - +0 leather armour
rPois    .         Spirit   .   (helmet restricted)
rElec    .         Reflect  .   (no cloak)
rCorr    .         Harm     .   (no gloves)
MR       .....                  (no boots)
Stlth    +.........             (no amulet)
HPRegen  0.14/turn              (no ring)
MPRegen  0.09/turn              (no ring)

@: no status effects
A: retaliatory headbutt, horns 2
a: Depart the Abyss, Bend Space, Renounce Religion


You were on level 2 of the Dungeon.
You worshipped Lugonu.
Lugonu was pleased with you.
You were not hungry.

You visited 1 branch of the dungeon, and saw 2 of its levels.
You visited the Abyss 1 time.

You collected 53 gold pieces.

Inventory:

Hand Weapons
 a - a +1 hand axe (weapon)
Armour
 b - a +0 leather armour (worn)
Jewellery
 f - a +3 ring of intelligence {unknown}
 g - a cursed ring of teleportation {unknown}
 l - an uncursed ring of protection from magic {unknown}
Scrolls
 d - 4 scrolls of identify {unknown}
 e - a scroll of amnesia {unknown}
 h - 3 scrolls of teleportation {unknown}
 j - a scroll of enchant weapon {unknown}
 n - a scroll of magic mapping {unknown}
Potions
 i - a potion of mutation {unknown}
 k - a potion of berserk rage {unknown}
 m - a potion of brilliance {unknown}
Comestibles
 c - 2 rations
 o - a chunk of flesh


   Skills:
 + Level 5.1 Fighting
 + Level 3.9 Axes
 - Level 2.4 Armour
 - Level 1.1 Dodging
 - Level 1.7 Invocations


You had 3 spell levels left.
You didn't know any spells.
Your spell library was empty.

Dungeon Overview and Level Annotations

Branches:
Dungeon (2/15)

Altars:
Nemelex Xobeh


Innate Abilities, Weirdness & Mutations

You reflexively headbutt those who attack you in melee.
You have a pair of horns on your head.


Message History

Lugonu accepts your kill.
Your Fighting skill increases to level 5!
You closely miss the ball python. The ball python barely misses you.
You furiously retaliate!
You headbutt the ball python!
You kill the ball python!
Lugonu accepts your kill. The gnoll misses you.
The gnoll hits you with a spear!
* * * LOW HITPOINT WARNING * * *
The gnoll barely misses you.
Things that are here:
a ball python corpse; a gnoll corpse You barely miss the gnoll.
You kill the gnoll!
Lugonu accepts your kill.
You have reached level 4!
You feel agile.
You hit the gnoll. The gnoll closely misses you.
The gnoll hits you with a spear!
You die...

##.......#
#.###
#g#####.#
#(... #.#
##### #.#
#.# # #
#.#####.# #
#g......###
#
#.g).......
#
#.#@#######
# #.#.#
#.#.# #.#.#
#.... #.#.#
... #.# ...


You could see 2 gnolls.

Vanquished Creatures
  2 gnolls (D:2)
  An adder (D:2)
  2 oozes
  A worm (D:2)
  A dart slug (D:1)
  A leopard gecko (D:1)
  5 goblins
  2 hobgoblins (D:1)
  2 quokkas (D:2)
  A ball python (D:2)
  7 bats
  A frilled lizard (D:2)
  2 kobolds (D:1)
  4 rats
32 creatures vanquished.

Notes
Turn   | Place    | Note
-------+----------+-------------------------------------------
     0 | Abyss:1  | royokou the Minotaur Abyssal Knight began the quest for the Orb.
     0 | Abyss:1  | Reached XP level 1. HP: 19/19 MP: 1/1
    10 | Abyss:1  | Noticed a worldbinder
    13 | D:1      | Escaped the Abyss
    66 | D:1      | Reached skill level 4 in Fighting
   364 | D:1      | Reached XP level 2. HP: 14/27 MP: 2/2
   980 | D:2      | Found a sparkling altar of Nemelex Xobeh.
   984 | D:2      | Reached XP level 3. HP: 34/34 MP: 3/3
  1002 | D:2      | Reached ** piety under Lugonu
  1111 | D:2      | Reached skill level 5 in Fighting
  1114 | D:2      | Reached XP level 4. HP: 4/42 MP: 4/4
  1114 | D:2      | Slain by a gnoll

Vault maps used:
D:1:      dpeg_arrival_tiny_k
D:2:      nemelex_xobeh_ov_fountains_minmay

Skill      XL: |  1  2  3 |
---------------+----------+-----
Fighting       | 4 5 |  5.1
Axes           | 3 |  3.9
Armour         | |  2.4
Dodging        | |  1.1
Invocations    | |  1.7

Action                   |  1- 3 |  4- 6 || total
-------------------------+-------+-------++-------
Melee: Hand axe          |    76 |       ||    76
       Headbutt          |     9 |       ||     9
Invok: Bend Space        |     1 |       ||     1
  Eat: Chunk             |     1 |       ||     1
Armor: Leather armour    |    32 |       ||    32
Dodge: Dodged            |    50 |     1 ||    51

Table legend:
 A = Spawn XP
 B = Non-spawn XP
 C = Spawn XP percentage of total XP
 D = Spawn monster count
 E = Non-spawn monster count
 F = Spawn count percentage of total count
 G = Total turns spent on level
                    A         B        C        D         E        F      G
               +---------+---------+-------+---------+---------+-------+---------
         Total |       0 |     100 |   0.0 |       0 |      32 |   0.0 |  1114
               +---------+---------+-------+---------+---------+-------+---------
           D:1 |       0 |      30 |   0.0 |       0 |      15 |   0.0 |   898
           D:2 |       0 |      70 |   0.0 |       0 |      17 |   0.0 |   203
               +---------+---------+-------+---------+---------+-------+---------
